 Dungeon Crawl Stone Soup version 0.31-a0-210-gccc998df9b (webtiles) character file.

Game seed: 10920767254941378131

3466 sanka the Destroyer (level 9, -2/69 HPs)
             Began as a Demonspawn Wanderer on June 29, 2023.
             Slain by a wyvern (14 damage)
             ... on level 8 of the Dungeon on June 30, 2023.
             The game lasted 00:21:47 (11911 turns).

sanka the Destroyer (Demonspawn Wanderer)          Turns: 11911, Time: 00:21:47

Health: -2/69      AC:  7    Str: 16    XL:     9   Next: 78%
Magic:  2/15       EV: 13    Int: 15    God:
Gold:   368        SH:  0    Dex: 12    Spells: 11/16 levels left

rFire   . . .        I - +4 dire flail (freeze)
rCold   + . .        (shield currently unavailable)
rNeg    . . .        L - +2 robe {rC+}
rPois   .            (no helmet)
rElec   .            C - +0 cloak
rCorr   .            y - +0 pair of gloves {Stlth+}
SInv    .            J - +0 pair of boots
Will    .....        (no amulet)
Stlth   ++           n - ring of flight
HPRegen 0.31/turn    o - ring of wizardry
MPRegen 0.14/turn

%: wizardry (x1)
@: flying, studying Maces & Flails
A: claws 2, foul stench 1, powered by death 2
a: no special abilities


You were on level 8 of the Dungeon.
You visited 2 branches of the dungeon, and saw 9 of its levels.

You collected 368 gold pieces.


Innate Abilities, Weirdness & Mutations

You have very sharp fingernails.
You may rarely emit foul miasma when damaged in melee.
You regenerate health from kills.


   Skills:
 + Level 5.7 Fighting
 - Level 1.0 Maces & Flails
 - Level 1.7 Throwing
 + Level 4.7 Dodging
 - Level 4.0 Spellcasting
 - Level 8.0 Conjurations
 - Level 8.0 Fire Magic


You had 11 spell levels left.
You knew the following spells:

 Your Spells              Type           Power      Damage    Failure   Level
u - Flame Wave            Conj/Fire      27%        2d9       2%          4
y - Foxfire               Conj/Fire      100%       2x1d9     1%          1

Your spell library contained the following spells:

 Spells                   Type           Power      Damage    Failure   Level
 Shock                    Conj/Air       60%        1d6       1%          1
 Momentum Strike          Conj/Tloc      30%        3d8       2%          2
 Hailstorm                Conj/Ice       15%        3d5       4%          3
 Inner Flame              Hex/Fire       15%        N/A       4%          3
 Volatile Blastmotes      Fire/Tloc      30%        2d12      4%          3
 Freeze                   Ice            12%        1d3       8%          1
 Blink                    Tloc           6%         N/A       11%         2
 Lesser Beckoning         Tloc           6%         N/A       11%         2
 Fulminant Prism          Conj/Hex       7%         3d6       14%         4
 Iskenderun's Mystic Bla  Conj/Tloc      15%        2d5       14%         4
 Frozen Ramparts          Ice            6%         1d1       21%         3
 Gell's Gravitas          Tloc           3%         N/A       21%         3
 Swiftness                Air            3%         N/A       21%         3
 Teleport Other           Tloc           3%         N/A       21%         3
 Airstrike                Air            1%         2d(1-17)  54%         4
 Lee's Rapid Deconstruct  Erth           1%         3d4*      86%         5
 Summon Forest            Summ/Tloc      1%         N/A       86%         5
 Dispersal                Tloc           1%         N/A       100%        6
 Eringya's Noxious Bog    Tmut/Pois      1%         N/A       100%        6
 Summon Hydra             Summ           1%         N/A       100%        7

Inventory:

Hand Weapons
 a - a +1 whip of electrocution
 b - a +2 dagger of venom
 c - a +0 dagger
 g - a +0 war axe
 k - a +0 mace
 x - a +2 short sword of speed
 A - a +4 trident
 I - a +4 dire flail of freezing (weapon)
Missiles
 e - 2 throwing nets {=f}
 F - 8 boomerangs
 K - a curare-tipped dart {=f}
Armour
 y - a +0 pair of gloves of stealth (worn)
 C - a +0 cloak (worn)
 J - a +0 pair of boots (worn)
 L - a +2 robe of cold resistance (worn)
Magical Staves
 p - a staff of death
Jewellery
 n - a ring of flight (left hand)
 o - a ring of wizardry (right hand)
Wands
 E - a wand of flame (36)
 G - a wand of acid (15)
 H - a wand of paralysis (14)
Scrolls
 d - 2 scrolls of teleportation {@r4}
 f - 2 scrolls of butterflies
 h - 4 scrolls of revelation
 i - 3 scrolls of amnesia
 j - 3 scrolls of noise {!r}
 l - a scroll of enchant weapon {unknown}
 m - 2 scrolls of enchant armour
 r - a scroll of fear {unknown}
 t - 2 scrolls of poison {!r}
 v - a scroll of blinking {unknown}
 w - a scroll of vulnerability {unknown}
 z - 3 scrolls of immolation {unknown}
Potions
 q - 2 potions of lignification {unknown}
 s - 2 potions of brilliance {unknown}
 u - 3 potions of curing {unknown}
 B - 2 potions of degeneration {unknown}
 D - a potion of heal wounds {unknown}

Dungeon Overview and Level Annotations

Branches:
Dungeon (8/15)             Temple (1/1) D:7
   Lair: D:8-11

Altars:
Cheibriados
Fedhas
Gozag
Hepliaklqana
Kikubaaqudgha
Makhleb
Nemelex Xobeh
Qazlal
Ru
Sif Muna
Trog
Uskayaw
Wu Jian
Yredelemnul

Annotations:
D:4 2 runed translucent doors

.▒ .. .▒ ▒ .▒▒▒. .
....▒.. ..▒.)..
▒▒▒▒▒▒..).... ▒..
▒▒▒▒.6l..>...▒ ▒...
▒.▒▒▒....▒▒▒▒.▒▒▒▒
... ▒......▒▒▒ ...
... ▒▒▒▒▒.>..▒▒
▒▒▒.▒ ▒.▒▒▒▒...▒▒..▒
▒ ▒...▒..▒▒▒▒▒.▒▒
▒▒▒ ▒...▒▒ ▒..▒▒▒
▒....▒..▒▒▒▒▒▒▒▒...▒
▒.........▒
▒▒▒.▒▒▒▒▒


You could see a wyvern.


Message History

The wyvern is lightly wounded. (Press . to intensify the flame waves.)
The wyvern bites you!
* * * LOW HITPOINT WARNING * * *
A wave of flame ripples out!
The flame wave engulfs the wyvern.
The wyvern is moderately wounded.
The wyvern bites you.
* * * LOW HITPOINT WARNING * * *
The wyvern misses you.
A wave of flame ripples out!
The flame wave engulfs the wyvern.
The wyvern is heavily wounded.
The flame wave engulfs something but does no damage.
You finish channelling waves of flame.
The wyvern closely misses you.
Press: ? - help, Dir - look around, f - activate A wave of flame ripples out!
The flame wave engulfs the wyvern!
The wyvern is almost dead. (Press . to intensify the flame waves.)
The wyvern bites you!
* * * LOW HITPOINT WARNING * * *
The wyvern misses you.
A wave of flame ripples out!
The flame wave engulfs the wyvern.
The wyvern is almost dead.
The flame wave engulfs something.
The wyvern bites you!
You die...

Action                     |  1- 3 |  4- 6 |  7- 9 || total
---------------------------+-------+-------+-------++-------
  Melee: War axe           |    63 |    36 |       ||    99
         Mace              |     1 |       |       ||     1
         Punch             |     1 |     1 |     1 ||     3
         Short sword       |       |    33 |    26 ||    59
         Trident           |       |       |    13 ||    13
         Whip              |       |       |    25 ||    25
         Dire flail        |       |       |    32 ||    32
         Dagger            |       |       |     8 ||     8
  Throw: Boomerang         |     1 |       |       ||     1
   Cast: Foxfire           |    43 |   133 |   205 ||   381
         Flame Wave        |       |       |    17 ||    17
    Use: Scroll            |       |       |     6 ||     6
   Stab: Sleeping          |       |       |     2 ||     2
 Armour: Leather armour    |    48 |    23 |     7 ||    78
         Robe              |       |       |    32 ||    32
  Dodge: Dodged            |    64 |    70 |    80 ||   214

Levels and vault maps discovered:
D:1:      lemuel_arrival_hallway, layout_loops_ring
D:2:      layout_loops_ring, uniq_natasha
D:3:      minmay_wonky_spiral, layout_loops_corners,
          amethyst_overflow_temple_binary, lemuel_tele_altar,
          chequers_big_river, uniq_terence
D:4:      layout_basic, minmay_hollow_rounded_squares
D:5:      layout_rooms, nicolae_tso_swordbearing_angel
D:6:      layout_loops_ring, grunt_ministairs_14, solitary_fountain,
          grunt_decor_one_mirror
D:7:      layout_basic, beargit_hepliaklqana_dungeon_heroes, kennysheep_mini,
          temple_hall
D:8:      layout_rooms, vehumet_statue, gammafunk_temple_overflow_pools,
          dpeg_lair_monsters
Temple:   minmay_temple_curvy_loop

Notes
Turn   | Place    | Note
-------+----------+-------------------------------------------
     0 | D:1      | sanka the Demonspawn Wanderer began the quest for the Orb.
     0 | D:1      | sanka set off with the following items: a +0 mace, 6
                  | boomerangs, a +0 dagger, a scroll of teleportation {@r4}, a
                  | +0 leather armour; and the following spell memorised:
                  | Foxfire; and the following spells available to memorise:
                  | Inner Flame, Flame Wave.
     0 | D:1      | Reached XP level 1. HP: 15/15 MP: 2/2
   295 | D:1      | Gained mutation: You may rarely emit foul miasma when
                  | damaged in melee. [demonic ancestry]
   295 | D:1      | Reached XP level 2. HP: 21/21 MP: 1/3
   303 | D:1      | Reached skill level 1 in Conjurations
   766 | D:2      | Gained mutation: You regenerate a little health from kills.
                  | [demonic ancestry]
   766 | D:2      | Reached XP level 3. HP: 20/26 MP: 2/5
  1040 | D:2      | Reached skill level 2 in Spellcasting
  1269 | D:2      | Reached skill level 5 in Fire Magic
  1315 | D:2      | Noticed Natasha
  1324 | D:2      | Killed Natasha
  1325 | D:2      | Reached skill level 2 in Conjurations
  1325 | D:2      | Gained mutation: You have sharp fingernails. [demonic
                  | ancestry]
  1325 | D:2      | Reached XP level 4. HP: 32/32 MP: 0/7
  1473 | D:2      | Learned a level 4 spell: Flame Wave
  1767 | D:3      | Noticed Terence
  1785 | D:3      | Killed Terence
  1845 | D:3      | Found a blossoming altar of Fedhas.
  1845 | D:3      | Found a bloodstained altar of Trog.
  2034 | D:3      | Reached XP level 5. HP: 37/37 MP: 2/9
  2090 | D:3      | Found a burning altar of Makhleb.
  2125 | D:3      | Reached skill level 3 in Spellcasting
  2261 | D:3      | Reached skill level 3 in Conjurations
  3099 | D:3      | Reached skill level 4 in Conjurations
  3469 | D:3      | Gained mutation: You regenerate health from kills. [demonic
                  | ancestry]
  3469 | D:3      | Reached XP level 6. HP: 20/43 MP: 3/10
  3885 | D:4      | Found a large runed translucent door.
  3885 | D:4      | Found a large runed translucent door.
  3902 | D:4      | Found a large runed translucent door.
  3902 | D:4      | Found a large runed translucent door.
  3947 | D:4      | Reached skill level 5 in Conjurations
  3947 | D:4      | Reached skill level 2 in Fighting
  4801 | D:4      | Reached XP level 7. HP: 21/50 MP: 11/11
  5580 | D:4      | HP: 3/50 [gnoll sergeant/+4 trident (8)]
  5605 | D:4      | Noticed a hornet
  5819 | D:4      | Killed a hornet
  5820 | D:4      | Reached skill level 6 in Conjurations
  5820 | D:4      | Reached skill level 6 in Fire Magic
  6025 | D:5      | Entered Level 5 of the Dungeon
  6201 | D:5      | Reached XP level 8. HP: 56/56 MP: 4/13
  7048 | D:5      | Reached skill level 7 in Conjurations
  7118 | D:5      | Reached skill level 4 in Spellcasting
  7622 | D:6      | Reached skill level 7 in Fire Magic
  8721 | D:6      | Reached skill level 8 in Conjurations
  9242 | D:6      | Reached skill level 8 in Fire Magic
  9242 | D:6      | Gained mutation: You have very sharp fingernails. [demonic
                  | ancestry]
  9242 | D:6      | Reached XP level 9. HP: 43/61 MP: 1/15
  9266 | D:6      | Reached skill level 1 in Dodging
 10070 | D:7      | Reached skill level 3 in Fighting
 10074 | D:7      | Reached skill level 2 in Dodging
 10415 | D:7      | Reached skill level 4 in Fighting
 10516 | D:7      | Reached skill level 3 in Dodging
 11020 | D:7      | Found a faded altar of an unknown god.
 11021 | D:7      | Found a hazy altar of Hepliaklqana.
 11272 | D:7      | Found a staircase to the Ecumenical Temple.
 11281 | Temple   | Entered the Ecumenical Temple
 11736 | D:8      | Reached skill level 5 in Fighting
 11736 | D:8      | Reached skill level 4 in Dodging
 11911 | D:8      | Slain by a wyvern

Vanquished Creatures
  A hornet (D:4)
  A wyvern (D:8)
  3 yaks (D:8)
  A water moccasin (D:5)
  2 sky beasts
  An orc warrior (D:5)
  2 ice beasts (D:6)
  An ogre (D:7)
  A kobold brigand (D:7)
  5 bullfrogs
  2 gnoll sergeants
  3 scorpions
  6 wights
  3 hounds
  3 jellies
  4 orc priests
  Terence (D:3)
  3 iguanas (D:5)
  6 orc wizards
  3 sleepcaps
  Natasha (D:2)
  9 adders
  15 gnolls
  A shadow imp (D:6)
  A white imp (D:7)
  An ufetubus (D:5)
  3 worms
  4 dart slugs
  28 orcs
  8 bats
  4 endoplasms
  4 giant cockroaches
  4 goblins
  3 hobgoblins
  19 jackals
  11 kobolds
  10 quokkas
  6 ball pythons
  2 frilled lizards
  2 rats
188 creatures vanquished.

Vanquished Creatures (collateral kills)
  A foxfire (D:3)
1 creature vanquished.

Vanquished Creatures (others)
  631 foxfires
631 creatures vanquished.

Grand Total: 820 creatures vanquished
